 Dungeon Crawl Stone Soup version 0.32-a0-871-ge202e49faa (webtiles) character file.

Game seed: 8414800718204383695

17246 Autsider the Summoner (level 12, -7/60 HPs)
             Began as a Felid Summoner on Mar 29, 2024.
             Was an Elder of Kikubaaqudgha.
             Mangled by a boulder beetle (15 damage)
             ... on level 11 of the Dungeon.
             The game lasted 00:42:57 (12621 turns).

Autsider the Summoner (Felid Summoner)             Turns: 12621, Time: 00:42:57

Health: -7/60      AC:  3    Str:  4    XL:     12   Next: 17%
Magic:  7/26       EV: 24    Int: 24    God:    Kikubaaqudgha [****..]
Gold:   384        SH:  0    Dex: 23    Spells: 14/30 levels left
                                        Lives:  0   Deaths: 4

rFire   . . .        (weapon unavailable)
rCold   + . .        (shield unavailable)
rNeg    . . .        (body armour unavailable)
rPois   .            (helmet unavailable)
rElec   .            (cloak unavailable)
rCorr   .            (gloves unavailable)
SInv    +            (boots unavailable)
Will    +....        b - amulet of magic regeneration
Stlth   ++++         d - +6 ring of dexterity
HPRegen 0.30/turn    (no ring)
MPRegen 0.60/turn

%: no passive effects
@: unable to call your familiar
A: very small, claws 1, fangs 3, see invisible, shaggy fur 3, stealthy paws, no
weapons or thrown items, no armour, multi-lived
a: Renounce Religion, Unearth Wretches


You were on level 11 of the Dungeon.
You worshipped Kikubaaqudgha.
Kikubaaqudgha was greatly pleased with you.
You visited 2 branches of the dungeon, and saw 12 of its levels.

You collected 474 gold pieces.
You spent 90 gold pieces at shops.

Inventory:

Jewellery
 b - an amulet of magic regeneration (around neck)
 c - an amulet of reflection
 d - a +6 ring of dexterity (left paw)
 k - a ring of fire
Wands
 m - a wand of flame (77)
 n - a wand of warping (22)
 x - a wand of polymorph (4)
Scrolls
 g - a scroll of teleportation
 i - a scroll of vulnerability
 s - 2 scrolls of poison
 w - a scroll of amnesia
 y - a scroll of fog
 z - 2 scrolls of immolation
Potions
 a - a potion of magic
 e - 2 potions of haste
 f - 6 potions of curing
 h - a potion of attraction
 j - 2 potions of ambrosia
 l - 2 potions of cancellation
 o - 2 potions of heal wounds
 p - a potion of might {unknown}
 q - a potion of resistance
 r - 3 potions of lignification
 t - 3 potions of brilliance
 u - a potion of enlightenment {unknown}
 v - a potion of degeneration {unknown}
 A - a potion of invisibility


   Skills:
 + Level 5.9 Fighting
 + Level 8.4 Dodging
 + Level 8.7 Stealth
 + Level 9.6 Spellcasting
 - Level 11.0 Summonings
 + Level 5.6 Necromancy
 - Level 5.0 Fire Magic
 - Level 5.0 Air Magic


You had 14 spell levels left.
You knew the following spells:

 Your Spells              Type           Power      Damage    Failure   Level
a - Call Canine Familiar  Summ           59%        N/A       1%          3
b - Summon Blazeheart Go  Fire/Summ      49%        N/A       1%          4
c - Summon Lightning Spi  Summ/Air       49%        N/A       1%          4
m - Summon Small Mammal   Summ           100%       N/A       1%          1
w - Animate Dead          Necr           38%        N/A       5%          4

Your spell library contained the following spells:

 Spells                   Type           Power      Damage    Failure   Level
 Call Imp                 Summ           100%       N/A       1%          2
 Cigotuvi's Dreadful Rot  Necr/Alch/Air  56%        N/A       1%          2
 Sublimation of Blood     Necr           38%        N/A       1%          2
 Summon Ice Beast         Ice/Summ       37%        N/A       1%          3
 Vampiric Draining        Necr           38%        2d8       1%          3
 Martyr's Knell           Necr/Summ      51%        N/A       1%          4
 Inner Flame              Hex/Fire       23%        N/A       6%          3
 Curse of Agony           Necr           38%        N/A       16%         5
 Hailstorm                Conj/Ice       11%        3d6       17%         3
 Anguish                  Hex/Necr       12%        N/A       17%         4
 Borgnjor's Vile Clutch   Necr/Erth      12%        N/A       43%         5
 Leda's Liquefaction      Alch/Erth      5%         N/A       50%         4
 Passage of Golubria      Tloc           11%        N/A       50%         4
 Silence                  Hex/Air        11%        N/A       50%         5
 Death Channel            Necr           19%        N/A       63%         6
 Irradiate                Conj/Alch      5%         3d13      83%         5
 Lee's Rapid Deconstruct  Erth           5%         3d6*      83%         5
 Permafrost Eruption      Ice/Erth       5%         2x4d3     100%        6
 Sculpt Simulacrum        Ice/Alch       5%         N/A       100%        6
 Ignition                 Fire           17%        3d7       100%        8
 Lehudib's Crystal Spear  Conj/Erth      5%         10d3      100%        8


Dungeon Overview and Level Annotations

Branches:
Dungeon (11/15)            Temple (1/1) D:5            Lair (0/5) D:11
    Orc: D:9-12

Altars:
Ashenzari
Cheibriados
Dithmenos
Elyvilon
Fedhas
Gozag
Hepliaklqana
Kikubaaqudgha
Makhleb
Nemelex Xobeh
Okawaru
Qazlal
Ru
Sif Muna
Trog
Uskayaw
Vehumet
Wu Jian
Xom
Yredelemnul
Zin
The Shining One

Shops:
D:5 (

Annotations:
D:4 2 transporters, Konar's ghost, novice CoHu
D:11 exclusion: 2 oklob plants


Innate Abilities, Weirdness & Mutations

You have sharp claws.
You have razor-sharp teeth.
You have supernaturally acute eyesight. (SInv)
Your thick and shaggy fur keeps you warm. (AC +3, rC+)
Your paws help you pounce on unaware monsters.
You are incapable of wielding weapons or throwing items.
You cannot wear armour.
You gain extra lives every three experience levels.


Message History

Confirm with . or Enter, or press ? or * to list all spells.
A fiery spirit appears, bound in slag iron.
Your blazeheart golem disappears in a puff of smoke!
The unseen horror hits your inugami. The troll bites your blazeheart golem!
The troll claws your blazeheart golem.
The troll claws your blazeheart golem but does no damage.
The boulder beetle bites you!
* * * LOW HITPOINT WARNING * * *
Your inugami hits the boulder beetle but does no damage.
Something hits your inugami! Something bites your blazeheart golem.
Something claws your blazeheart golem but does no damage. x2
Your inugami hits the boulder beetle. Something barely misses your inugami.
Casting: Summon Blazeheart Golem (dangerous; 1% risk of failure)
Confirm with . or Enter, or press ? or * to list all spells.
A fiery spirit appears, bound in slag iron.
Your blazeheart golem's core grows cold and it stops moving.
Your blazeheart golem disappears in a puff of smoke!
Something hits your inugami but does no damage.
The boulder beetle completely misses you.
Your inugami hits the boulder beetle but does no damage.
Casting: Summon Blazeheart Golem (dangerous; 1% risk of failure)
Confirm with . or Enter, or press ? or * to list all spells.
A fiery spirit appears, bound in slag iron.
Your blazeheart golem disappears in a puff of smoke!
The troll closely misses your inugami.
The troll claws your inugami but does no damage.
The troll claws your inugami. The boulder beetle bites you!!
* * * LOW HITPOINT WARNING * * *
Something hits your inugami.
Your inugami closely misses the troll.
Casting: Summon Blazeheart Golem (dangerous; 1% risk of failure)
Confirm with . or Enter, or press ? or * to list all spells.
A fiery spirit appears, bound in slag iron.
Your blazeheart golem disappears in a puff of smoke!
Something hits your inugami but does no damage.
The troll barely misses your inugami. The troll claws your inugami.
Your inugami dies!
Your inugami disappears in a puff of smoke!
The boulder beetle bites you!
You die...
Kikubaaqudgha rasps: You have failed me!
Welcome... death!

##.#.# #.##......#..#
#...# #........#..# ###.#
#####.#####..# #.#
####...).....#..# #.#
..#.#######.#..# #)# #.#)#
#..# #)# #§#§# #..# #.#
#T§B# #..# #.# .......#@#
#.># #)# #.#[#x##.# #..#
#)# # #. #9# #..# #)# .
#.. #..#
#.#####################..#
#........................#
#########................#
##################


You could see a boulder beetle (ally target), a troll and a friendly blazeheart
golem (summoned).

Vanquished Creatures
  A centaur warrior (D:10)
  A two-headed ogre (D:11)
  2 cyclopes (D:11)
  2 manticores (D:11)
  A gargoyle (D:11)
  A komodo dragon (D:10)
  2 trolls (D:11)
  A vampire (D:11)
  13 yaks
  A steam dragon (D:10)
  A yak (shapeshifter) (D:9)
  5 vampire mosquitoes
  5 orc warriors (D:9)
  2 ice beasts (D:7)
  A laughing skull (D:11)
  2 centaurs
  A phantom (D:6)
  A kobold brigand (D:11)
  A bullfrog (D:8)
  2 scorpions (D:6)
  A wight (D:9)
  3 killer bees
  A gnoll bouda (D:8)
  An orc wizard (D:9)
  A dart slug (D:1)
  4 orcs
  2 bats (D:2)
  3 giant cockroaches
  A goblin (D:2)
  2 jackals (D:1)
  A kobold (D:10)
66 creatures vanquished.

Vanquished Creatures (collateral kills)
  A centaur warrior (D:10)
  A two-headed ogre (D:11)
  A deep elf pyromancer (D:9)
  A manticore (D:11)
  A black mamba (shapeshifter) (D:10)
  A freezing wraith (D:9)
  A kobold demonologist (D:9)
  2 shadows
  3 wyverns
  8 yaks
  3 wraiths
  Eustachio (D:6)
  A steam dragon (D:9)
  2 vampire mosquitoes
  An acid dragon (D:11)
  4 water moccasins
  2 orc warriors
  2 sky beasts (D:7)
  2 ice beasts (D:5)
  A black bear (D:7)
  2 laughing skulls
  2 ogres
  A centaur (D:6)
  2 kobold brigands
  4 bullfrogs
  3 wights (D:9)
  5 scorpions (D:6)
  5 killer bees
  A howler monkey (D:10)
  A crimson imp (D:6)
  6 jellies
  3 orc priests
  A bombardier beetle (D:5)
  Crazy Yiuf (D:3)
  3 hounds
  An iguana (D:4)
  10 orc wizards
  7 gnolls
  5 adders
  4 shadow imps (D:5)
  5 white imps
  4 ufetubi
  2 dart slugs
  A ribbon worm (D:2)
  25 orcs
  7 ball pythons
  6 endoplasms
  7 giant cockroaches
  5 goblins
  5 hobgoblins
  A jackal (D:1)
  18 kobolds
  2 quokkas
  5 bats
  4 frilled lizards
  5 rats
  A butterfly (D:6)
209 creatures vanquished.

Vanquished Creatures (others)
  2 orc wizards
  An adder (D:6)
  An orc (D:6)
  51 blazeheart cores
55 creatures vanquished.

Grand Total: 330 creatures vanquished

Notes
Turn   | Place    | Note
-------+----------+-------------------------------------------
     0 | D:1      | Autsider the Felid Summoner began the quest for the Orb.
     0 | D:1      | Reached XP level 1. HP: 9/9 MP: 4/4
   263 | D:1      | Reached XP level 2. HP: 13/13 MP: 6/6
   266 | D:1      | Learned a level 2 spell: Call Imp
  1014 | D:2      | Reached XP level 3. HP: 16/16 MP: 6/8
  1018 | D:2      | Learned a level 3 spell: Call Canine Familiar
  1114 | D:2      | Found a faded altar of an unknown god.
  1672 | D:3      | Found Zin's Purification Station.
  1677 | D:3      | Found a glowing silver altar of Zin.
  1703 | D:3      | Reached skill level 5 in Summonings
  1703 | D:3      | Reached XP level 4. HP: 7/21 MP: 7/9
  1703 | D:3      | Gained a life (2 lives remaining)
  1809 | D:3      | Found a radiant altar of Vehumet.
  1823 | D:3      | Found an ancient bone altar of Kikubaaqudgha.
  1837 | D:3      | Reached XP level 5. HP: 15/24 MP: 11/11
  1840 | D:3      | Found a shimmering blue altar of Sif Muna.
  2133 | D:3      | Found a runed translucent door.
  2134 | D:3      | Noticed Crazy Yiuf
  2234 | D:3      | Found a blossoming altar of Fedhas.
  2414 | D:3      | Killed Crazy Yiuf
  2490 | D:3      | Bought a potion of curing for 90 gold pieces
  2504 | D:4      | Found a transporter.
  2541 | D:4      | Noticed Konar's ghost (novice CoHu)
  2684 | D:4      | Found a transporter.
  2900 | D:4      | Noticed an ogre
  2906 | D:4      | Killed an ogre
  2907 | D:4      | Reached skill level 6 in Summonings
  2907 | D:4      | Gained mutation: You are covered in thick fur. (AC +2)
                  | [Felid growth]
  2907 | D:4      | Reached XP level 6. HP: 28/28 MP: 1/13
  3029 | D:4      | Learned a level 4 spell: Summon Blazeheart Golem
  3034 | D:4      | Learned a level 4 spell: Summon Lightning Spire
  3062 | D:5      | Entered Level 5 of the Dungeon
  3108 | D:5      | Found a stormy altar of Qazlal.
  3186 | D:5      | Found Kemaguv's Antique Weapon Boutique.
  3186 | D:5      | Noticed an ice beast
  3208 | D:5      | Killed an ice beast
  3209 | D:5      | Reached skill level 1 in Fire Magic
  3229 | D:5      | Reached XP level 7. HP: 32/32 MP: 15/15
  3435 | D:5      | Found a staircase to the Ecumenical Temple.
  3464 | D:5      | Killed from afar by a white imp
  3464 | D:5      | Lost a life (1 life remaining)
  3512 | D:5      | Reached skill level 5 in Spellcasting
  3753 | Temple   | Entered the Ecumenical Temple
  3911 | D:3      | Became a worshipper of Kikubaaqudgha
  4121 | D:5      | Found an ornate altar of the Wu Jian Council.
  4441 | D:5      | Identified the +7 short sword "Deeh" {heavy, rPois rN+}
  4888 | D:6      | Found a runed translucent door.
  4890 | D:6      | Found a runed translucent door.
  4891 | D:6      | Noticed a vampire mosquito
  4891 | D:6      | Noticed a vampire mosquito
  4976 | D:6      | Reached XP level 8. HP: 11/36 MP: 11/17
  4976 | D:6      | Gained a life (2 lives remaining)
  5088 | D:6      | Reached skill level 7 in Summonings
  5406 | D:6      | Noticed Eustachio
  5417 | D:6      | Killed Eustachio
  5570 | D:6      | Found a shadowy altar of Dithmenos.
  5642 | D:6      | Reached skill level 5 in Fire Magic
  5940 | D:6      | Reached * piety under Kikubaaqudgha
  5940 | D:6      | Received a gift from Kikubaaqudgha
  5948 | D:6      | Reached skill level 8 in Summonings
  5948 | D:6      | Killed by an exploding blazeheart core
  5948 | D:6      | Lost a life (1 life remaining)
  5949 | D:6      | Reached XP level 9. HP: 39/39 MP: 20/20
  5954 | D:6      | Learned a level 4 spell: Animate Dead
  6360 | D:7      | Reached skill level 9 in Summonings
  6366 | D:7      | Identified the +0 ring mail "Rucw" {Fly Will+}
  6707 | D:7      | Found a sacrificial altar of Ru.
  6837 | D:7      | Found a basalt altar of Yredelemnul.
  6934 | D:7      | Found a white marble altar of Elyvilon.
  7080 | D:7      | Reached skill level 1 in Fighting
  7190 | D:7      | Reached skill level 1 in Necromancy
  7574 | D:8      | Reached skill level 1 in Air Magic
  7728 | D:8      | Found an opulent altar of Gozag.
  7728 | D:8      | Found a bloodstained altar of Trog.
  7824 | D:8      | Reached XP level 10. HP: 44/46 MP: 21/23
  7824 | D:8      | Gained a life (2 lives remaining)
  7825 | D:8      | Reached ** piety under Kikubaaqudgha
  8526 | D:8      | Slain by a wyvern
  8526 | D:8      | Lost a life (1 life remaining)
  8774 | D:8      | Reached skill level 5 in Stealth
  8850 | D:9      | Reached skill level 5 in Dodging
  9111 | D:9      | Noticed a deep elf pyromancer
  9120 | D:9      | Reached skill level 10 in Summonings
  9290 | D:9      | Killed a deep elf pyromancer
  9883 | D:9      | Reached XP level 11. HP: 50/53 MP: 18/24
  9997 | D:9      | Found a snail-covered altar of Cheibriados.
 10307 | D:10     | Entered Level 10 of the Dungeon
 10442 | D:10     | Reached *** piety under Kikubaaqudgha
 10442 | D:10     | Received a gift from Kikubaaqudgha
 10492 | D:10     | Found a hazy altar of Hepliaklqana.
 10829 | D:10     | Noticed a centaur warrior
 10832 | D:10     | Shot with an arrow by a centaur warrior
 10832 | D:10     | Lost a life (0 lives remaining)
 10908 | D:10     | Noticed a centaur warrior
 10923 | D:10     | Killed a centaur warrior
 11067 | D:10     | Killed a centaur warrior
 11575 | D:11     | Reached skill level 5 in Fighting
 11694 | D:11     | HP: 2/49 [laughing skull/bolt of negative energy (10)]
 11915 | D:11     | Noticed an oklob plant
 11920 | D:11     | Found a staircase to the Lair.
 11920 | D:11     | Noticed an oklob plant
 11965 | D:11     | Reached skill level 5 in Necromancy
 12528 | D:11     | Noticed a two-headed ogre
 12546 | D:11     | Killed a two-headed ogre
 12547 | D:11     | Gained mutation: Your thick and shaggy fur keeps you warm.
                  | (AC +3, rC+) [Felid growth]
 12547 | D:11     | Reached XP level 12. HP: 49/60 MP: 19/26
 12580 | D:11     | Noticed a two-headed ogre
 12588 | D:11     | Reached skill level 5 in Air Magic
 12593 | D:11     | Reached **** piety under Kikubaaqudgha
 12603 | D:11     | Killed a two-headed ogre
 12604 | D:11     | Reached skill level 11 in Summonings
 12607 | D:11     | Noticed a boulder beetle
 12621 | D:11     | Mangled by a boulder beetle

Illustrated notes

Levels and vault maps discovered:
D:1:      sevenhm_arrival_forest_fort_small_3, layout_loops_ring,
          serial_park_tiny_pond, minmay_pentomino_o2
D:2:      layout_basic, shapermc_ecumenical_altar_gd
D:3:      layout_basic, palyth_temple_overflow_mages, zin_purify,
          fedhas_altar_fruit_tree, uniq_crazy_yiuf_cottage
D:4:      layout_gridville, gammafunk_ghost_mausoleum
D:5:      layout_layer_cave, nicolae_qazlal_general_emergency,
          nicolae_wu_jian_immortal_techniques, minmay_temple_entry_purple_smoke,
          serial_demonic, serial_demonic_a, serial_demonic_e, serial_demonic_e,
          serial_demonic_b, serial_shops, shop
D:6:      lemuel_insect_pit, layout_basic, mainiacjoe_overflow_tiny_flanked,
          minmay_fire_ice_demons, uniq_eustachio
D:7:      layout_cave_pods, kennysheep_ying_yang,
          mainiacjoe_overflow_six_doors_small, minmay_quadrilaterals
D:8:      layout_basic, nicolae_gozag_seed_capital, bloody_trog
D:9:      nzn_winding_woodlands_medium [nzn_winding_woodlands_hourglass,
          nzn_winding_woodlands_5x15_sidewinder,
          nzn_winding_woodlands_5x5_three, nzn_winding_woodlands_5x5_open_star,
          nzn_winding_woodlands_center_triple_pond,
          nzn_winding_woodlands_5x5_perimeter,
          nzn_winding_woodlands_5x5_checkerboard,
          nzn_winding_woodlands_5x15_garden, nzn_winding_woodlands_5x5_default],
          layout_long_grid, cheibriados_altar_1, enter_bailey_5
D:10:     minmay_cornered_nines, layout_basic, mainiacjoe_overflow_alcove_4,
          dk_vineyard_3
D:11:     minmay_the_grid_3x2 [minmay_the_grid_armoury, minmay_the_grid_expand,
          minmay_the_grid_square_x, minmay_the_grid_small_cups,
          minmay_the_grid_empty, minmay_the_grid_prize_diamond_cup],
          layout_basic, dpeg_oklobed_lair, uniq_josephine
Temple:   nicolae_temple_superstar

Skill      XL: |  1  2  3  4  5  6  7  8  9 10 11 12 |
---------------+-------------------------------------+-----
Spellcasting   | 3 4 5 6 8 9 |  9.6
Summonings     | 5 6 8 9 10 11 | 11.0
Fire Magic     | 2 3 5 |  5.0
Dodging        | 4 6 8 |  8.4
Stealth        | 4 6 8 |  8.7
Fighting       | 2 4 5 |  5.9
Necromancy     | 1 3 5 |  5.6
Air Magic      | 1 3 4 5 |  5.0

Action                     |  1- 3 |  4- 6 |  7- 9 | 10-12 || total
---------------------------+-------+-------+-------+-------++-------
  Melee: Unarmed           |    20 |    22 |    23 |    12 ||    77
         Bite              |     1 |     3 |     3 |     1 ||     8
   Cast: Summon Small Mamm |    16 |     1 |     6 |       ||    23
         Call Imp          |    11 |     6 |       |       ||    17
         Call Canine Famil |     9 |    25 |    53 |    25 ||   112
         Summon Lightning  |       |       |    18 |    22 ||    40
         Summon Blazeheart |       |       |    25 |    76 ||   101
    Use: Scroll            |       |     7 |     3 |    14 ||    24
   Stab: Distracted        |     1 |       |       |     1 ||     2
         Sleeping          |     3 |       |       |       ||     3
 Armour: Skin              |    13 |     7 |    47 |    79 ||   146
  Dodge: Dodged            |    26 |    35 |    48 |   141 ||   250

Table legend: (Time is in decaauts)
 A = Elapsed time spent in this place.
 B = Non-inter-level travel time spent in this place.
 C = Inter-level travel time spent in this place.
 D = Time resting spent in this place.
 E = Time spent auto-exploring this place.
 F = Levels seen in this place.
 G = Mean time per level.
                   A        B        C        D        E       F      G
               +--------+--------+--------+--------+--------+-----+--------+
         Total |  12629 |  11795 |    834 |   2604 |   6312 |  12 | 1052.4 |
       Dungeon |  12569 |  11794 |    775 |   2604 |   6312 |  11 | 1142.6 |
        Temple |     59 |      0 |     59 |      0 |      0 |   1 |   59.0 |
               +--------+--------+--------+--------+--------+-----+--------+

Top non-repeatable levels by time:
     D:5: 1526 daAuts
     D:9: 1486 daAuts
     D:6: 1476 daAuts
     D:8: 1302 daAuts
     D:7: 1268 daAuts
    D:11: 1158 daAuts
    D:10: 1155 daAuts
     D:3: 1024 daAuts
     D:1: 913 daAuts
     D:4: 647 daAuts
     D:2: 609 daAuts
  Temple: 59 daAuts
